 Dungeon Crawl Stone Soup version 0.31-a0-948-gf5be29c462 (webtiles) character file.

Game seed: 18398038427858974702

70 Tonnatak the Ruffian (level 4, -1/33 HPs)
             Began as a Human Shapeshifter on Oct 21, 2023.
             Slain by Natasha (6 damage)
             ... on level 2 of the Dungeon.
             The game lasted 00:02:46 (918 turns).

Tonnatak the Ruffian (Human Shapeshifter)            Turns: 918, Time: 00:02:46

Health: -1/33      AC:  8    Str: 17    XL:     4   Next: 45%
Magic:  4/4        EV: 12    Int: 10    God:
Gold:   36         SH:  0    Dex: 12    Spells: 3/3 levels left

rFire   . .          .
                       - Unarmed
rCold   . . .        (no shield)
rNeg    . . .        k - +2 robe
rPois   .            (helmet currently unavailable)
rElec   .            (cloak currently unavailable)
rCorr   .            (gloves currently unavailable)
SInv    .            (boots currently unavailable)
Will    .....        (no amulet)
Stlth   +            l - +4 ring of protection
HPRegen 0.25/turn    (no ring)
MPRegen 0.09/turn

%: no passive effects
@: beast-form, slowed, very slow
A: beast (slay +1)
a: Begin Untransformation


You were on level 2 of the Dungeon.
You were a hulking beast.
You visited 1 branch of the dungeon, and saw 2 of its levels.

You collected 36 gold pieces.

Inventory:

Armour
 a - a +0 animal skin
 k - a +2 robe (worn)
Jewellery
 l - a +4 ring of protection (left hand)
Talismans
 c - a beast talisman (active)
 d - a flux talisman
Scrolls
 e - 3 scrolls of amnesia
 f - a scroll of immolation
 g - a scroll of enchant armour {unknown}
 i - 3 scrolls of identify {unknown}
Potions
 b - a potion of lignification
 h - a potion of curing {unknown}
 j - a potion of magic {unknown}


   Skills:
 + Level 2.1 Fighting
 + Level 2.7 Dodging
 + Level 3.5 Unarmed Combat
 + Level 3.4 Shapeshifting


You had 3 spell levels left.
You didn't know any spells.
Your spell library was empty.

Dungeon Overview and Level Annotations

Branches:
Dungeon (2/15)

Altars:

Annotations:
D:2 Natasha


Message History

The cerulean imp closely misses you. The cerulean imp barely misses you.
An endoplasm and a hobgoblin come into view.
A hobgoblin comes into view.
Found 7 stones.
Natasha casts a spell.
A giant cockroach comes into view.
The cerulean imp attacks as it pursues you!
The cerulean imp misses you.
Found 16 gold pieces.
The cerulean imp completely misses you.
The cerulean imp hits you from afar with a +0 spear.
* * * LOW HITPOINT WARNING * * *
You feel less batty.
Your +2 robe unmelds from your body.
Your +4 ring of protection unmelds from your body.
You turn into a hulking beast.
Natasha mewls in sadness.
Natasha zaps a wand.
You resist with some effort.
The cerulean imp hits you but does no damage.
The cerulean imp hits you but does no damage.
The cerulean imp disappears in a puff of smoke!
The cerulean imp hits you but does no damage.
The cerulean imp hits you but does no damage.
You miss the cerulean imp. Natasha barely misses you.
The cerulean imp misses you.
The cerulean imp hits you but does no damage.
Natasha barely misses you.
You hit the cerulean imp.
The cerulean imp is lightly wounded.
Natasha mumbles some strange words.
The cerulean imp barely misses you.
You completely miss the cerulean imp.
The cerulean imp is lightly wounded.
Natasha closely misses you.
The cerulean imp hits you but does no damage.
You hit Natasha.
Natasha is heavily wounded.
The cerulean imp closely misses you. Natasha claws you.
You die...
Natasha begins licking her fur clean.

.###. #.K.....# .# #
....#+#.#####.# .#.#
#.?..#$#B#.#####...#
###...K#(g.#).....#
+..).....#.#......#
##.....#!J.#......#
#.....#)#g#.(....#
#...K.#####......#
###.#55h...........
#...h#######+#####
######


You could see Natasha, 2 cerulean imps and a kobold.

Vanquished Creatures
  Jessica (D:2)
  2 adders (D:2)
  2 dart slugs (D:1)
  3 bats
  3 endoplasms (D:1)
  2 giant cockroaches (D:1)
  A goblin (D:1)
  3 hobgoblins
  A quokka (D:1)
  2 ball pythons (D:1)
  2 kobolds
  2 rats (D:1)
24 creatures vanquished.

Notes
Turn   | Place    | Note
-------+----------+-------------------------------------------
     0 | D:1      | Tonnatak the Human Shapeshifter began the quest for the
                  | Orb.
     0 | D:1      | Reached XP level 1. HP: 15/15 MP: 1/1
   119 | D:1      | Found a faded altar of an unknown god.
   223 | D:1      | Reached XP level 2. HP: 21/21 MP: 2/2
   434 | D:1      | Reached XP level 3. HP: 26/26 MP: 3/3
   852 | D:2      | Noticed Jessica
   858 | D:2      | Killed Jessica
   859 | D:2      | Reached XP level 4. HP: 19/33 MP: 4/4
   886 | D:2      | Noticed Natasha
   918 | D:2      | Slain by Natasha

Illustrated notes

Levels and vault maps discovered:
D:1:      lightli_arrival_maybe_door_vault, layout_basic,
          hellmonk_ecumenical_altar_blasted, st_stairs_14, serial_park_tiny_pond
D:2:      layout_basic, minmay_split_cup_large, uniq_natasha, uniq_jessica

Skill      XL: |  1  2  3 |
---------------+----------+-----
Fighting       | 2 |  2.1
Dodging        | |  2.7
Unarmed Combat | |  3.5
Shapeshifting  | |  3.4

Action                     |  1- 3 |  4- 6 || total
---------------------------+-------+-------++-------
  Melee: Unarmed           |    73 |    13 ||    86
         Punch             |     2 |       ||     2
    Use: Scroll            |     2 |       ||     2
   Stab: Sleeping          |     2 |       ||     2
 Armour: Animal skin       |    36 |       ||    36
         Skin              |       |     8 ||     8
         Robe              |       |     7 ||     7
  Dodge: Dodged            |    48 |    32 ||    80
   Form: Beast             |     1 |       ||     1
         Flux              |     1 |       ||     1

Table legend: (Time is in decaauts)
 A = Elapsed time spent in this place.
 B = Non-inter-level travel time spent in this place.
 C = Inter-level travel time spent in this place.
 D = Time resting spent in this place.
 E = Time spent auto-exploring this place.
 F = Levels seen in this place.
 G = Mean time per level.
                   A        B        C        D        E       F      G
               +--------+--------+--------+--------+--------+-----+--------+
         Total |    915 |    876 |     39 |      0 |    666 |   2 |  457.5 |
       Dungeon |    915 |    876 |     39 |      0 |    666 |   2 |  457.5 |
               +--------+--------+--------+--------+--------+-----+--------+

Top non-repeatable levels by time:
     D:1: 529 daAuts
     D:2: 385 daAuts
